 Dungeon Crawl Stone Soup version 0.26.1-11-gd32895ea62 (webtiles) character file.

Game seed: 14560878579230197107

11890 Zeld the Geomancer (level 11, 0/54 HPs)
             Began as a Gargoyle Earth Elementalist on Sept 2, 2021.
             Was a Priest of Sif Muna.
             Slain by pukegreen's ghost (19 damage)
             ... on level 7 of the Dungeon.
             The game lasted 00:19:50 (15914 turns).

Zeld the Geomancer (Gargoyle Earth Elementalist)   Turns: 15914, Time: 00:19:51

Health: 0/54       AC: 22    Str: 18    XL:     11   Next: 84%
Magic:  3/23       EV: 12    Int: 19    God:    Sif Muna [***...]
Gold:   1870       SH:  4    Dex: 10    Spells: 12/27 levels left

rFire    . . .     SeeInvis +   a - +9 scimitar (elec)
rCold    . . .     Faith    .   i - +0 buckler
rNeg     + . .     Spirit   .   d - +1 scale mail "Kivetri" {Str+6 SInv}
rPois    ∞         Reflect  .   F - +0 helmet
rElec    +         Harm     .   n - +0 cloak
rCorr    .         Rampage  .   C - +0 pair of gloves
Will     .....                  r - +0 pair of boots
Stlth    ++........             (no amulet)
HPRegen  0.18/turn              (no ring)
MPRegen  0.18/turn              (no ring)

@: no status effects
A: negative energy resistance 1, electricity resistance, unbreathing,
petrification resistance, miasma immunity, AC +8
a: Renounce Religion, Channel Magic, Forget Spell


You were on level 7 of the Dungeon.
You worshipped Sif Muna.
Sif Muna was most pleased with you.
You visited 2 branches of the dungeon, and saw 12 of its levels.
You also visited: Ossuary.

You collected 1870 gold pieces.

Inventory:

Hand Weapons
 a - a +9 scimitar of electrocution (weapon)
Missiles
 b - 137 stones (quivered)
Armour
 d - the +1 scale mail "Kivetri" (worn) {Str+6 SInv}
   (You acquired it on level 11 of the Dungeon)

   It affects your strength (+6).
   It lets you see invisible.
 i - a +0 buckler (worn)
 n - a +0 cloak (worn)
 r - a +0 pair of boots (worn)
 C - a +0 pair of gloves (worn)
 F - a +0 helmet (worn)
Jewellery
 j - a +4 ring of evasion {unknown}
Wands
 o - a wand of polymorph (15)
 y - a wand of iceblast (23)
 B - a wand of enslavement (10)
Scrolls
 c - a scroll of enchant armour
 f - a scroll of magic mapping
 g - 2 scrolls of blinking
 m - 9 scrolls of teleportation
 p - 10 scrolls of remove curse
 q - 3 scrolls of enchant weapon
 t - a scroll of fear
Potions
 e - 3 potions of curing
 h - 2 potions of heal wounds
 k - 3 potions of haste
 l - a potion of magic
 s - a potion of flight {unknown}
 v - 2 potions of ambrosia {unknown}
 w - 3 potions of might {unknown}
 z - a potion of degeneration {unknown}
 A - 2 potions of attraction {unknown}


   Skills:
 + Level 6.9 Armour
 + Level 5.5 Dodging
 + Level 7.8 Stealth
 - Level 4.0 Shields
 * Level 8.7 Spellcasting
 + Level 6.8 Conjurations
 - Level 1.0 Transmutations
 * Level 11.4 Earth Magic


You had 12 spell levels left.
You knew the following spells:

 Your Spells              Type           Power        Failure   Level
a - Sandblast             Erth           100%         1%          1
b - Passwall              Tmut/Erth      25%          2%          2
c - Stone Arrow           Conj/Erth      86%          1%          3
d - Petrify               Tmut/Erth      31%          19%         4
e - Lee's Rapid Deconstr  Erth           25%          6%          5

Your spell library contained the following spells:

 Spells                   Type           Power        Failure   Level
 Magic Dart               Conj           100%         1%          1
 Conjure Flame            Conj/Fire      21%          17%         3
 Mephitic Cloud           Conj/Pois/Air  16%          28%         3
 Blink                    Tloc           N/A          34%         2
 Call Imp                 Summ           8%           34%         2
 Slow                     Hex            8%           34%         2


Dungeon Overview and Level Annotations

Branches:
Dungeon (11/15)            Temple (1/1) D:5            Lair (0/6) D:9
    Orc (0/2) D:9         Ossuary (visited)

Altars:
Ashenzari
Cheibriados
Dithmenos
Elyvilon
Fedhas
Gozag
Hepliaklqana
Kikubaaqudgha
Makhleb
Nemelex Xobeh
Okawaru
Qazlal
Ru
Sif Muna
Trog
Uskayaw
Vehumet
Wu Jian
Xom
Yredelemnul
Zin
The Shining One

Annotations:
D:7 1 transporter, pukegreen's ghost, novice TrBe
D:11 1 runed translucent door, wallyj24's ghost, journeyman GnGl


Innate Abilities, Weirdness & Mutations

You are resistant to torment.
Your stone body is resilient. (AC +8)
You are immune to poison.
You resist negative energy. (rN+)
You are resistant to electric shocks. (rElec)
You can survive without breathing.
You are immune to petrification.
You are immune to miasma.


Message History

The killer bee stings you but does no damage.
Pukegreen's ghost closely misses you.
You riposte.
You slash pukegreen's ghost!
Lightning courses through pukegreen's ghost!
Pukegreen's ghost is severely damaged.
You are too injured to fight recklessly!
The killer bee stings you but does no damage. x2
The killer bee misses you.
You barely miss the killer bee. You block the killer bee's attack.
The killer bee barely misses you. You block the killer bee's attack.
The killer bee closely misses you. x2; You riposte.
You closely miss the killer bee.
Pukegreen's ghost hits you but does no damage.
The killer bee buzzes angrily.
You barely miss the killer bee.
The killer bee stings you but does no damage. x2
The killer bee barely misses you.
The killer bee stings you but does no damage.
The killer bee closely misses you. The killer bee stings you.
Pukegreen's ghost hits you!!
You die...

#..# #..#####yWyyy#####......####
##.###.###...#yyy#...###....)))))
##..##.##..#..###..#..##.....####
##..#.###.#.#...#...###.....# #.
##....#####..#..#####....### #.
####...###...#...#...###...# #.
.....<.##..#..###..#..##..÷#####(
#......###[..#†yy#y..###.........
#####...#####..W@y#####.....####.
#....#############...........
#..........©.........>.......
##.....................†.....
##.....##...........##......
#####..#..#.#..>....#.)....
##.##...........<......
#.#....##.......##....
#.#...........###.....


You could see 4 killer bees and pukegreen's ghost.

Vanquished Creatures
  Harold (D:6)
  2 two-headed ogres
  Pikel (D:8)
  Psyche (D:8)
  2 gargoyles
  Maggie (D:6)
  2 komodo dragons
  A queen bee (D:7)
  A troll (D:11)
  Prince Ribbit (D:8)
  Sigmund (D:4)
  2 wraiths (Ossuary)
  A vampire (D:11)
  Edmund (D:6)
  3 water moccasins
  Duvessa (D:7)
  5 orc warriors
  6 ice beasts
  A necrophage (D:10)
  3 black bears
  4 phantoms
  10 ogres
  3 centaurs
  A lemure (D:8)
  A big kobold (D:7)
  Blork the orc (D:5)
  6 bullfrogs
  A wyvern zombie (D:6)
  Dowan (D:7)
  6 scorpions
  15 wights
  12 killer bees
  A howler monkey (D:5)
  2 bullfrog zombies
  An orc priest (D:9)
  5 hounds
  2 jellies
  3 iguanas
  14 orc wizards
  4 worker ants
  3 hound skeletons
  3 gnolls
  11 adders
  A shadow imp (D:8)
  6 white imps
  2 ufetubi
  An ooze (D:2)
  An adder zombie (Ossuary)
  2 adder skeletons
  2 worms (D:2)
  2 dart slugs (D:1)
  4 leopard geckos
  31 orcs
  4 giant cockroaches
  12 goblins
  8 hobgoblins
  15 jackals
  16 kobolds
  7 quokkas
  A ball python skeleton (Ossuary)
  3 bats
  8 frilled lizards
  A hobgoblin zombie (Ossuary)
  A jackal skeleton (D:4)
  An orc skeleton (Ossuary)
  A quokka skeleton (D:7)
  A quokka zombie (D:6)
  5 rats
  4 toadstools (D:1)
287 creatures vanquished.

Vanquished Creatures (others)
  A worm (D:3)
  6 orcs (D:3)
  A bat (D:3)
  45 fungi (D:9)
  56 plants
109 creatures vanquished.

Grand Total: 396 creatures vanquished

Notes
Turn   | Place    | Note
-------+----------+-------------------------------------------
     0 | D:1      | Zeld the Gargoyle Earth Elementalist began the quest for
                  | the Orb.
     0 | D:1      | Reached XP level 1. HP: 10/10 MP: 3/3
   387 | D:1      | Reached XP level 2. HP: 15/15 MP: 0/5
   727 | D:1      | Reached skill level 4 in Earth Magic
   870 | D:1      | Learned a level 2 spell: Passwall
   874 | D:1      | Reached skill level 1 in Transmutations
  1281 | D:2      | Reached XP level 3. HP: 19/19 MP: 4/6
  1285 | D:2      | Learned a level 3 spell: Stone Arrow
  1821 | D:2      | Reached skill level 1 in Armour
  1858 | D:2      | Reached XP level 4. HP: 24/24 MP: 3/7
  2282 | D:3      | Found a radiant altar of Vehumet.
  2347 | D:3      | HP: 1/24 [something/magic dart (5)]
  2632 | D:3      | Reached skill level 1 in Conjurations
  2837 | D:3      | Reached XP level 5. HP: 28/28 MP: 5/9
  2870 | D:3      | Found an ancient bone altar of Kikubaaqudgha.
  4003 | D:4      | Noticed an ogre
  4277 | D:4      | Killed an ogre
  4278 | D:4      | Reached skill level 1 in Shields
  4278 | D:4      | Reached skill level 5 in Earth Magic
  4278 | D:4      | Reached XP level 6. HP: 32/32 MP: 6/11
  4283 | D:4      | Learned a level 4 spell: Petrify
  4443 | D:4      | Noticed Sigmund
  4447 | D:4      | Killed Sigmund
  4448 | D:4      | Reached XP level 7. HP: 32/36 MP: 8/12
  4517 | D:4      | Found a bloodstained altar of Trog.
  5043 | D:5      | Entered Level 5 of the Dungeon
  5185 | D:5      | Reached skill level 6 in Earth Magic
  5291 | D:5      | Found a staircase to the Ecumenical Temple.
  5302 | Temple   | Entered the Ecumenical Temple
  5588 | D:5      | Found a shimmering blue altar of Sif Muna.
  5593 | D:5      | Became a worshipper of Sif Muna the Loreminder
  5603 | D:5      | Reached XP level 8. HP: 41/41 MP: 8/14
  5610 | D:5      | Learned a level 5 spell: Lee's Rapid Deconstruction
  5679 | D:5      | Noticed Blork the orc
  5682 | D:5      | Killed Blork the orc
  5897 | D:5      | Found a blossoming altar of Fedhas.
  6181 | D:6      | Found a sand-covered staircase.
  6187 | Ossuary  | Entered an ossuary
  6575 | Ossuary  | Noticed a flying skull
  6575 | Ossuary  | Noticed a wraith
  6582 | Ossuary  | Noticed a flying skull
  6584 | Ossuary  | Noticed a flying skull
  6608 | Ossuary  | Noticed a flying skull
  6609 | Ossuary  | Noticed a flying skull
  6618 | Ossuary  | Noticed a wraith
  6622 | Ossuary  | Killed a wraith
  6623 | Ossuary  | Reached skill level 7 in Earth Magic
  6917 | Ossuary  | Noticed a wraith
  6924 | Ossuary  | Killed a wraith
  6925 | Ossuary  | Reached skill level 5 in Spellcasting
  7353 | D:6      | Reached XP level 9. HP: 30/45 MP: 0/16
  7800 | D:6      | Reached skill level 5 in Stealth
  8295 | D:6      | Noticed Maggie
  8313 | D:6      | Killed Maggie
  8314 | D:6      | Reached skill level 8 in Earth Magic
  8468 | D:6      | Noticed Edmund
  8472 | D:6      | Killed Edmund
  8951 | D:7      | Reached * piety under Sif Muna
  9057 | D:7      | Noticed Harold
  9202 | D:6      | Killed Harold
  9203 | D:6      | Reached XP level 10. HP: 14/50 MP: 4/19
  9437 | D:7      | Reached skill level 5 in Armour
  9437 | D:7      | Reached skill level 9 in Earth Magic
  9602 | D:7      | Noticed Dowan
  9603 | D:7      | Noticed Duvessa
  9608 | D:7      | Killed Duvessa
  9609 | D:7      | Reached skill level 5 in Conjurations
  9614 | D:7      | Killed Dowan
  9930 | D:7      | Noticed pukegreen's ghost (novice TrBe)
 10226 | D:7      | Found a transporter.
 10231 | D:7      | Found a transporter.
 10617 | D:8      | Reached ** piety under Sif Muna
 10761 | D:8      | Noticed Psyche
 10771 | D:8      | Killed Psyche
 10955 | D:8      | Noticed Prince Ribbit
 10963 | D:8      | Killed Prince Ribbit
 11263 | D:8      | Noticed Pikel
 11269 | D:8      | Killed Pikel
 11270 | D:8      | Reached skill level 10 in Earth Magic
 11525 | D:8      | Found a stormy altar of Qazlal.
 11526 | D:8      | Found a bloodstained altar of Trog.
 11527 | D:8      | Found a glowing golden altar of the Shining One.
 11596 | D:8      | Noticed a two-headed ogre
 11604 | D:8      | Killed a two-headed ogre
 11605 | D:8      | Reached skill level 5 in Dodging
 11605 | D:8      | Reached XP level 11. HP: 37/54 MP: 7/22
 11935 | D:9      | Found a sparkling altar of Nemelex Xobeh.
 12295 | D:9      | Found a staircase to the Lair.
 12734 | D:9      | Found a staircase to the Orcish Mines.
 13056 | D:9      | Identified a scroll of acquirement
 13061 | D:9      | Acquired 1204 gold pieces
 13072 | D:10     | Entered Level 10 of the Dungeon
 13794 | D:10     | Reached *** piety under Sif Muna
 14049 | D:11     | Reached skill level 11 in Earth Magic
 14585 | D:11     | Noticed a two-headed ogre
 14589 | D:11     | Killed a two-headed ogre
 14805 | D:11     | Found a runed translucent door.
 14808 | D:11     | Acquired the +1 scale mail "Kivetri" {Str+6 SInv}
 14871 | D:11     | Identified the +9 spear of Stickiness {flame, *Drain rElec
                  | Int+8 Stlth+}
 14874 | D:11     | Noticed wallyj24's ghost (journeyman GnGl)
 14875 | D:11     | Noticed a spriggan rider
 15914 | D:7      | Slain by pukegreen's ghost

Illustrated notes

Levels and vault maps discovered:
D:1:      ldierk_water_garden, layout_basic, st_stairs_13
D:2:      layout_basic
D:3:      layout_loops_cross, old_standard_altar, fiery_altar_vehumet,
          kennysheep_generic_room_10
D:4:      layout_loops_ring, trog_three_pillars_becter, uniq_sigmund
D:5:      layout_gridville, led_sif_book, minmay_temple_entry_grid,
          minmay_misc_feat_cross, chequers_serial_rivers_micro_a,
          hangedman_abyss_or_decor_passed, fedhas_altar_4, uniq_blork_the_orc
D:6:      layout_basic, nicolae_ossuary_entry_plus, uniq_edmund, uniq_maggie
D:7:      layout_rooms, gammafunk_ghost_hive, uniq_duvessa, uniq_harold
D:8:      layout_cave_pools, grunt_temple_overflow_open, st_stairs_10,
          uniq_prince_ribbit1, uniq_pikel, uniq_psyche
D:9:      layout_loops_ring, nemelex_xobeh_ov_fountains_minmay,
          due_lair_maze_entry_diamond, chequers_jeans
D:10:     layout_basic
D:11:     layout_basic, ebering_ghost_funeral_grove
Temple:   nicolae_temple_no_exploring_needed

Skill      XL: |  1  2  3  4  5  6  7  8  9 10 11 |
---------------+----------------------------------+-----
Earth Magic    | 4 5 6 7 8 10 11 | 11.4
Transmutations | 1 |  1.0
Armour         | 1 2 3 4 6 |  6.9
Dodging        | 2 3 4 5 |  5.5
Conjurations   | 1 2 3 4 6 |  6.8
Spellcasting   | 3 4 5 6 7 8 |  8.7
Stealth        | 3 4 5 7 |  7.8
Shields        | 1 2 3 4 |  4.0

Action                   |  1- 3 |  4- 6 |  7- 9 | 10-12 || total
-------------------------+-------+-------+-------+-------++-------
Melee: Unarmed           |    16 |    11 |     1 |       ||    28
       Scimitar          |       |       |    27 |   133 ||   160
 Cast: Sandblast         |    44 |    91 |    85 |    25 ||   245
       Stone Arrow       |       |       |    67 |   168 ||   235
  Use: Scroll            |       |       |    11 |    11 ||    22
 Stab: Sleeping          |       |       |       |     3 ||     3
       Distracted        |       |       |       |     1 ||     1
Armor: Robe              |     6 |    23 |    28 |   106 ||   163
       Scale mail        |       |       |       |    15 ||    15
Dodge: Dodged            |     5 |    33 |    48 |   156 ||   242
Block: Buckler           |       |     2 |    15 |    48 ||    65
       Rpst.: Scimitar   |       |       |    14 |    44 ||    58
